 Dungeon Sprint DCSS version 0.17-a0-81-g781747f (webtiles) character file.

16899 BluebellGnoll the Bludgeoner (level 12, -21/127 HPs)
             Began as a Troll Berserker on Mar 15, 2015.
             Was the Champion of Trog.
             Hit by a large rock thrown by a stone giant (42 damage)
             ... in the Dungeon (Sprint IX: "|||||||||||||||||||||||||||||").
             The game lasted 00:16:42 (1207 turns).

BluebellGnoll the Bludgeoner (Troll Berserker)      Turns: 1207, Time: 00:16:43

Health: -21/127    AC: 11    Str: 32    XL:     12   Next: 14%
Magic:  5/5        EV:  7    Int:  6    God:    Trog [******]
Gold:   174        SH: 15    Dex: 12    Spells: 0 memorised, 11 levels left

rFire  . . .     SeeInvis .     r - +4 flail of the Known World {drain, rElec Int+3}
rCold  . . .     Clarity  .     o - +0 swamp dragon armour
rNeg   + . .     SustAb   .     M - +1 large shield {reflect}
rPois  +         Gourm    +     (helmet restricted)
rElec  +         Spirit   .     a - +0 cloak
rCorr  .         Warding  .     (gloves unavailable)
rMut   .         NoTele   +     (boots unavailable)
MR     .....                    (no amulet)
Stlth  +.........               I - ring of positive energy
                                n - +3 ring of dexterity

@: not resistant to hostile enchantments, very unstealthy
A: unfitting armour, claws 3, fast metabolism 3, gourmand, regeneration 2,
shaggy fur 1, tough skin 2
a: Burn Spellbooks, Berserk, Trog's Hand, Brothers in Arms, Renounce Religion


You were in the Dungeon.
You worshipped Trog.
Trog was exalted by your worship.
You were not hungry.

You visited 1 branch You collected 1909 gold pieces.
You spent 1735 gold pieces at shops.

Inventory:

Hand weapons
 r - the +4 flail of the Known World (weapon) {drain, rElec Int+3}
   (You found it in the Dungeon)

   A truly terrible weapon, it drains the life of those it strikes.
   It affects your intelligence (+3).
   It insulates you from electricity.
 v - a +6 dire flail of protection
 y - the +6 giant spiked club "Chotwig" {flame, rF+ rC+}
   (Trog gifted it to you in the Dungeon)

   It has been specially enchanted to burn those struck by it, causing extra
   injury to most foes and up to half again as much damage against particularly
   susceptible opponents.
   It protects you from fire.
   It protects you from cold.
 A - a +8 antimagic giant club
Missiles
 t - 3 large rocks (quivered)
 u - 7 javelins of returning
 B - 2 tomahawks
 C - 3 tomahawks of returning
Armour
 a - a +0 cloak (worn)
 b - a +0 animal skin
 o - a +0 swamp dragon armour (worn)
 M - a +1 large shield of reflection (worn)
Jewellery
 n - a +3 ring of dexterity (left claw)
 I - a ring of positive energy (right claw)
 J - an uncursed ring of ice
 K - an uncursed ring of fire
 L - an uncursed ring of poison resistance
Magical devices
 l - a wand of draining (7)
Scrolls
 i - 5 scrolls of blinking
 k - 3 scrolls of remove curse
 m - 2 scrolls of enchant armour
 q - 4 scrolls of fog
 s - a scroll of fear
 w - a scroll of magic mapping
 N - a scroll of recharging
Potions
 d - 11 potions of curing
 e - 12 potions of heal wounds
 f - 4 potions of haste
 g - 4 potions of magic
 h - a potion of berserk rage
 j - 2 potions of invisibility
 p - 2 potions of brilliance
 D - a potion of might
 E - 4 potions of agility
 F - a potion of restore abilities
 G - a potion of experience
 H - a potion of mutation
Comestibles
 c - 16 meat rations
 x - 40 fruits
 z - 18 bread rations


   Skills:
 - Level 10.5 Fighting
 - Level 19.8 Maces & Flails
 - Level 13.9 Throwing
 - Level 1.5 Armour
 + Level 7.8 Dodging


You had 11 spell levels left.
You didn't know any spells.

Dungeon Overview and Level Annotations

Branches:
Dungeon (1/1)

Altars:
Cheibriados
Dithmenos
Elyvilon
Fedhas
Gozag
Kikubaaqudgha
Makhleb
Nemelex Xobeh
Okawaru
Qazlal
Ru
Sif Muna
Trog
Vehumet
Xom
Yredelemnul
Zin
The Shining One
Beogh
Jiyva
Lugonu

Shops:
D ((%


Innate Abilities, Weirdness & Mutations

You are too large for most types of armour.
You have claws for hands.
Your metabolism is lightning-fast.
You like to eat raw meat.
You heal very quickly.
You are covered in fur (AC +1).
You have very tough skin (AC +2).


Message History

Your deep troll barely misses the centaur warrior.
Your deep troll claws the centaur warrior but does no damage.
Your deep troll closely misses the centaur warrior.
The centaur warrior unwields an uncursed shortbow.
The centaur warrior hits your deep troll!
You see here an arrow.
Your deep troll barely misses the centaur warrior.
Your deep troll claws the centaur warrior!
Your deep troll claws the centaur warrior!!
The centaur warrior hits your deep troll.
Your deep troll barely misses the centaur warrior.
Your deep troll claws the centaur warrior!
The centaur warrior dies!
Trog accepts your kill. Something appears at your feet! Trog grants you a gift!
You swap places.
A stone giant comes into view.
The stone giant throws a large rock.
The large rock hits you!!!
You die...

▓.▓.▓.▓.▓.▓.▓C▓
▓.▓.▓)▓.▓∩▓.▓.▓
▓)▓.▓.▓.▓.▓.▓.▓
▓)▓.▓[▓.▓∩▓.▓.▓
▓'▓.▓.▓)▓.▓.▓.▓
▓(▓.▓.▓)▓∩▓.▓.▓
▓.▓.▓.▓.▓.▓.▓.▓
▓[▓.▓.▓.▓∩▓.▓)▓
▓[▓.▓.▓.▓(▓.▓@▓
▓.▓.▓.▓.▓.▓.▓T▓
▓)▓.▓.▓.▓.▓.▓(▓
▓|▓.▓.▓.▓.▓.▓(▓
▓?▓.▓'▓.▓)▓.▓)▓
▓.▓.▓.▓.▓'▓.▓.▓
▓'▓.▓.▓.▓)▓.▓.▓
▓_▓.▓.▓.▓.▓.▓.▓
▓_▓.▓.▓.▓.▓.▓.▓


You could see a stone giant and a friendly deep troll (berserk).

Vanquished Creatures
  2 catoblepae (D)
  4 death yaks (D)
  4 orc high priests (D)
  A fire crab (shapeshifter) (D)
  A hill giant (D)
  3 orc knights (D)
  A griffon (D)
  2 orc sorcerers (D)
  A cyclops (D)
  A gargoyle (D)
  A black mamba (D)
  A spiny frog (D)
  A hellwing (D)
  A troll (D)
  4 yaks (D)
  A wraith (D)
  Grum (D)
  4 wolves (D)
  A sky beast (D)
  10 orc warriors (D)
  A porcupine (D)
  A centaur (D)
  3 giant frogs (D)
  A scorpion (D)
  4 hounds (D)
  2 crimson imps (D)
  4 orc priests (D)
  An iguana (D)
  3 orc wizards (D)
  A worker ant (D)
  An adder (D)
  An adder skeleton (D)
  3 giant geckos (D)
  10 orcs (D)
  A bat skeleton (D)
  A giant cockroach (D)
  3 goblins (D)
  A hobgoblin (D)
  A giant newt (D)
  A rat (D)
89 creatures vanquished.

Vanquished Creatures (collateral kills)
  A fire dragon (D)
  2 hydras (D)
  A centaur warrior (D)
  A wizard (D)
  2 orc knights (D)
  A spiny frog (D)
  A fire drake (D)
  A red devil (D)
  A polar bear (D)
  A porcupine (D)
  A crocodile (D)
13 creatures vanquished.

Vanquished Creatures (others)
  A hill giant (D)
  A troll (D)
  A giant cockroach zombie (D)
3 creatures vanquished.

Grand Total: 105 creatures vanquished

Notes
Turn   | Place    | Note
--------------------------------------------------------------
     0 | D        | BluebellGnoll, the Troll Berserker, began the quest for the Orb.
     0 | D        | Reached XP level 1. HP: 22/22 MP: 1/1
     9 | D        | Reached skill level 3 in Maces & Flails
    13 | D        | Acquired Trog's second power
    19 | D        | Reached skill level 4 in Maces & Flails
    30 | D        | Noticed a hound
    38 | D        | Killed a hound
    38 | D        | Reached skill level 6 in Maces & Flails
    38 | D        | Reached XP level 2. HP: 22/29 MP: 1/1
    38 | D        | Reached XP level 3. HP: 27/36 MP: 2/2
    45 | D        | Acquired Trog's third power
    56 | D        | Found a glowing silver altar of Zin.
    56 | D        | Found a glowing golden altar of the Shining One.
    56 | D        | Found an ancient bone altar of Kikubaaqudgha.
    56 | D        | Found a basalt altar of Yredelemnul.
    56 | D        | Found a shimmering altar of Xom.
    56 | D        | Found a radiant altar of Vehumet.
    56 | D        | Found an iron altar of Okawaru.
    57 | D        | Found a burning altar of Makhleb.
    58 | D        | Found a deep blue altar of Sif Muna.
    59 | D        | Found a bloodstained altar of Trog.
    60 | D        | Found a sparkling altar of Nemelex Xobeh.
    61 | D        | Found a white marble altar of Elyvilon.
    62 | D        | Found a roughly hewn altar of Beogh.
    63 | D        | Found a viscous altar of Jiyva.
    64 | D        | Found a corrupted altar of Lugonu.
    65 | D        | Found a blossoming altar of Fedhas.
    66 | D        | Found a snail-covered altar of Cheibriados.
    67 | D        | Found a shadowy altar of Dithmenos.
    68 | D        | Found a stormy altar of Qazlal.
    69 | D        | Found an opulent altar of Gozag.
    70 | D        | Found a sacrificial altar of Ru.
   106 | D        | Noticed a hill giant
   106 | D        | Noticed a scorpion
   106 | D        | Noticed a centaur
   106 | D        | Noticed a crimson imp
   106 | D        | Noticed a worker ant
   109 | D        | Killed a crimson imp
   109 | D        | Reached skill level 7 in Maces & Flails
   109 | D        | Reached XP level 4. HP: 44/44 MP: 2/2
   113 | D        | Killed a worker ant
   113 | D        | Reached skill level 8 in Maces & Flails
   120 | D        | Killed a centaur
   120 | D        | Reached skill level 10 in Maces & Flails
   120 | D        | Reached XP level 5. HP: 50/50 MP: 2/2
   122 | D        | Killed a scorpion
   122 | D        | Reached skill level 11 in Maces & Flails
   125 | D        | Killed a hill giant
   125 | D        | Reached skill level 14 in Maces & Flails
   125 | D        | Reached XP level 6. HP: 59/59 MP: 3/3
   125 | D        | Reached XP level 7. HP: 66/66 MP: 3/3
   161 | D        | Noticed a wraith
   161 | D        | Noticed a crimson imp
   161 | D        | Noticed a gargoyle
   161 | D        | Noticed a griffon
   161 | D        | Noticed a troll
   161 | D        | Noticed a giant frog
   163 | D        | Killed a giant frog
   164 | D        | Killed a troll
   168 | D        | Killed a griffon
   168 | D        | Reached XP level 8. HP: 73/89 MP: 3/3
   170 | D        | Killed a gargoyle
   170 | D        | Reached skill level 10 in Fighting
   172 | D        | Killed a crimson imp
   175 | D        | Killed a wraith
   178 | D        | Received a gift from Trog
   282 | D        | Got the +4 flail of the Known World {drain, rElec Int+3}
   297 | D        | Noticed a hound
   297 | D        | Noticed a spiny frog
   297 | D        | Noticed a black mamba
   297 | D        | Noticed a giant frog
   297 | D        | Noticed a hound
   297 | D        | Noticed a hound
   298 | D        | Noticed a porcupine
   300 | D        | Killed a hound
   305 | D        | Noticed an iguana
   306 | D        | Killed a hound
   307 | D        | Killed a giant frog
   307 | D        | Reached XP level 9. HP: 102/102 MP: 4/4
   309 | D        | Killed a black mamba
   309 | D        | Reached skill level 15 in Maces & Flails
   312 | D        | Killed a spiny frog
   313 | D        | Killed a hound
   316 | D        | Killed a porcupine
   318 | D        | Killed an iguana
   318 | D        | Received a gift from Trog
   332 | D        | Noticed a porcupine
   332 | D        | Noticed a polar bear
   332 | D        | Noticed a spiny frog
   332 | D        | Noticed a seven-headed hydra
   332 | D        | Noticed a crocodile
   332 | D        | Noticed a five-headed hydra
   332 | D        | Noticed a fire drake
   333 | D        | Killed a fire drake
   333 | D        | Reached skill level 16 in Maces & Flails
   334 | D        | Killed a five-headed hydra
   337 | D        | Killed a crocodile
   337 | D        | Received a gift from Trog
   337 | D        | Reached skill level 1 in Throwing
   338 | D        | Killed a seven-headed hydra
   339 | D        | Killed a spiny frog
   339 | D        | Reached skill level 5 in Throwing
   342 | D        | Killed a polar bear
   343 | D        | Killed a porcupine
   343 | D        | Received a gift from Trog
   344 | D        | Noticed a yak
   348 | D        | Noticed a yak
   352 | D        | Killed a yak
   352 | D        | Reached XP level 10. HP: 48/111 MP: 4/4
   358 | D        | Killed a yak
   422 | D        | Noticed a yak
   422 | D        | Noticed a death yak
   422 | D        | Noticed a death yak
   422 | D        | Noticed a death yak
   422 | D        | Noticed a death yak
   422 | D        | Noticed a catoblepas
   422 | D        | Noticed a catoblepas
   424 | D        | Noticed a yak
   435 | D        | Killed a catoblepas
   437 | D        | Killed a catoblepas
   437 | D        | Received a gift from Trog
   437 | D        | Reached skill level 10 in Throwing
   441 | D        | Killed a death yak
   444 | D        | Killed a death yak
   448 | D        | Killed a death yak
   450 | D        | Killed a death yak
   450 | D        | Reached XP level 11. HP: 113/119 MP: 4/4
   452 | D        | Killed a yak
   454 | D        | Killed a yak
   454 | D        | Received a gift from Trog
   532 | D        | Noticed a wolf
   533 | D        | Noticed a wolf
   534 | D        | Noticed Grum
   535 | D        | Killed a wolf
   536 | D        | Noticed a wolf
   537 | D        | Noticed a wolf
   539 | D        | Killed a wolf
   539 | D        | Received a gift from Trog
   542 | D        | Killed Grum
   543 | D        | Killed a wolf
   546 | D        | Killed a wolf
   630 | D        | Noticed an orc priest
   630 | D        | Noticed an orc wizard
   630 | D        | Noticed an orc wizard
   630 | D        | Noticed an orc warrior
   633 | D        | Killed an orc warrior
   634 | D        | Noticed an orc wizard
   636 | D        | Killed an orc wizard
   636 | D        | Received a gift from Trog
   637 | D        | Received a gift from Trog
   638 | D        | Noticed an orc warrior
   641 | D        | Killed an orc wizard
   644 | D        | Killed an orc priest
   647 | D        | Noticed an orc priest
   649 | D        | Killed an orc warrior
   651 | D        | Killed an orc wizard
   651 | D        | Received a gift from Trog
   658 | D        | Killed an orc priest
   670 | D        | Got a scorched giant spiked club {god gift}
   673 | D        | Received a gift from Trog
   696 | D        | Identified the +6 giant spiked club "Chotwig" {flame, rF+ rC+} (Trog gifted it to you in the Dungeon)
   701 | D        | Noticed an orc warrior
   701 | D        | Noticed an orc warrior
   701 | D        | Noticed an orc warrior
   701 | D        | Noticed an orc warrior
   701 | D        | Noticed an orc sorcerer
   701 | D        | Noticed an orc priest
   702 | D        | Noticed an orc warrior
   703 | D        | Killed an orc sorcerer
   703 | D        | Reached skill level 17 in Maces & Flails
   704 | D        | Noticed an orc warrior
   707 | D        | Killed an orc warrior
   709 | D        | Killed an orc priest
   709 | D        | Received a gift from Trog
   710 | D        | Noticed an orc warrior
   711 | D        | Noticed an orc priest
   712 | D        | Killed an orc warrior
   713 | D        | Killed an orc warrior
   713 | D        | Received a gift from Trog
   714 | D        | Noticed an orc warrior
   716 | D        | Killed an orc warrior
   721 | D        | Killed an orc warrior
   724 | D        | Killed an orc warrior
   725 | D        | Killed an orc warrior
   728 | D        | Killed an orc warrior
   730 | D        | Killed an orc priest
   730 | D        | Received a gift from Trog
   762 | D        | Received a gift from Trog
   800 | D        | Found Blen's Food Boutique.
   800 | D        | Noticed an orc high priest
   800 | D        | Noticed an orc high priest
   800 | D        | Noticed an orc high priest
   800 | D        | Noticed an orc knight
   803 | D        | Noticed an orc knight
   809 | D        | Killed an orc knight
   835 | D        | Killed an orc high priest
   835 | D        | Reached skill level 18 in Maces & Flails
   836 | D        | Received a gift from Trog
   843 | D        | Killed an orc high priest
   846 | D        | Killed an orc high priest
   848 | D        | Killed an orc knight
   879 | D        | Noticed an orc sorcerer
   882 | D        | Found Trerph's Antique Weapon Shop.
   885 | D        | Killed an orc sorcerer
   885 | D        | Received a gift from Trog
   885 | D        | Reached skill level 19 in Maces & Flails
   896 | D        | Found Huican's Distillery.
   900 | D        | Found Itiav's Antique Weapon Shop.
   901 | D        | Noticed an orc knight
   906 | D        | Noticed an orc knight
   908 | D        | Killed an orc knight
   929 | D        | Killed an orc knight
   955 | D        | Noticed an orc high priest
   967 | D        | Killed an orc high priest
   977 | D        | Noticed an orc knight
   979 | D        | Killed an orc knight
   995 | D        | Bought a potion of haste for 100 gold pieces
   995 | D        | Bought a potion of might for 40 gold pieces
   995 | D        | Bought 2 potions of agility for 80 gold pieces
   995 | D        | Bought a potion of curing for 30 gold pieces
   995 | D        | Bought a potion of agility for 40 gold pieces
   995 | D        | Bought a potion of curing for 30 gold pieces
   995 | D        | Bought a potion of curing for 30 gold pieces
   995 | D        | Bought a potion of invisibility for 80 gold pieces
   995 | D        | Bought a potion of restore abilities for 50 gold pieces
   995 | D        | Bought a potion of heal wounds for 50 gold pieces
   995 | D        | Bought a potion of experience for 500 gold pieces
   995 | D        | Bought 2 potions of haste for 200 gold pieces
   995 | D        | Bought a potion of mutation for 25 gold pieces
   995 | D        | Bought a potion of agility for 40 gold pieces
   999 | D        | Bought a bread ration for 55 gold pieces
   999 | D        | Bought a bread ration for 55 gold pieces
   999 | D        | Bought a bread ration for 55 gold pieces
   999 | D        | Bought a bread ration for 55 gold pieces
   999 | D        | Bought a meat ration for 55 gold pieces
   999 | D        | Bought a meat ration for 55 gold pieces
   999 | D        | Bought a bread ration for 55 gold pieces
   999 | D        | Bought a bread ration for 55 gold pieces
  1172 | D        | Noticed a giant frog
  1172 | D        | Noticed a cyclops
  1172 | D        | Noticed a wizard
  1172 | D        | Noticed a fire crab
  1175 | D        | Noticed a sky beast
  1185 | D        | Killed a fire crab
  1185 | D        | Received a gift from Trog
  1185 | D        | Reached skill level 5 in Dodging
  1185 | D        | Reached XP level 12. HP: 59/127 MP: 5/5
  1187 | D        | Killed a cyclops
  1191 | D        | Killed a giant frog
  1193 | D        | Noticed a fire dragon
  1194 | D        | Noticed a centaur warrior
  1194 | D        | Killed a sky beast
  1199 | D        | Killed a wizard
  1203 | D        | Killed a fire dragon
  1206 | D        | Killed a centaur warrior
  1206 | D        | Received a gift from Trog
  1207 | D        | Noticed a stone giant
  1207 | D        | Hit by a large rock thrown by a stone giant

Action                   |  1- 3 |  4- 6 |  7- 9 | 10-12 || total
-------------------------+-------+-------+-------+-------++-------
Melee: Mace              |    33 |       |       |       ||    33
       Dire flail        |     2 |    13 |    11 |     8 ||    34
       Flail             |       |       |    22 |    78 ||   100
       Giant spiked club |       |       |       |    25 ||    25
       Giant club        |       |       |       |    23 ||    23
Throw: Large rock        |       |       |       |     9 ||     9
       Javelin           |       |       |       |     3 ||     3
Invok: Trog's Hand       |     2 |       |     3 |     8 ||    13
       Berserk           |       |     1 |       |     1 ||     2
       Brothers in Arms  |       |       |     1 |     4 ||     5
  Eat: Chunk             |       |       |     3 |    14 ||    17
